| TOP OF THE 1ST |
|
Jacksonville Suns batting - Pitching for Mississippi Braves : RHP Jonathan Jacquez
|
|
Pitching: RHP Jonathan Jacquez
|
|
|
Batting: LHB Jose Cabello
|
0-0: Ground out 6-3 (Groundball, P, EV 81.9 MPH)
|
|
Batting: RHB Mike Gar
|
0-0: Ball 1-0: Fly out, F4 (Flyball, 34D, EV 83.8 MPH)
|
|
Batting: RHB Akira Suzuki
|
0-0: Fly out, F8 (Flyball, 8LD, EV 106.9 MPH)
|
| Top of the 1st over - 0 runs, 0 hits, 0 errors, 0 left on base; Jacksonville 0 - Mississippi 0 |
| BOTTOM OF THE 1ST |
|
Mississippi Braves batting - Pitching for Jacksonville Suns : LHP Jeff Tavella
|
|
Pitching: LHP Jeff Tavella
|
|
|
Batting: RHB Angel Guzman
|
0-0: Ball 1-0: Ball 2-0: Swinging Strike 2-1: Ball 3-1: Swinging Strike 3-2: Fly out, F7 (Flyball, 7D, EV 88.8 MPH)
|
|
Batting: RHB Zachary Sidney
|
0-0: Ball 1-0: Called Strike 1-1: Foul Ball, location: 2F 1-2: Foul Ball, location: 2F 1-2: Foul Ball, location: 2F 1-2: Strikes out looking
|
|
Batting: RHB Tim Nettles
|
0-0: Ball 1-0: Called Strike 1-1: DOUBLE (Line Drive, 89XD, EV 112.5 MPH)
|
|
Batting: RHB Zach Thomason
|
0-0: Ball 1-0: Ball 2-0: DOUBLE (Line Drive, 9LD, EV 105.6 MPH) Tim Nettles scores
|
|
Batting: SHB Ian Finley
|
0-0: Foul Ball, location: 2F 0-1: Ground out U3 (Groundball, 3L, EV 85.0 MPH)
|
| Bottom of the 1st over - 1 run, 2 hits, 0 errors, 1 left on base; Jacksonville 0 - Mississippi 1 |
| TOP OF THE 2ND |
|
Jacksonville Suns batting - Pitching for Mississippi Braves : RHP Jonathan Jacquez
|
|
Batting: RHB Rick Fell
|
0-0: Ball 1-0: Swinging Strike 1-1: Swinging Strike 1-2: Ball 2-2: Ball 3-2: Base on Balls
|
|
Batting: RHB German Mendoza
|
0-0: Called Strike 0-1: Foul Ball, location: 2F 0-2: Foul Ball, location: 2F 0-2: Ball 1-2: Ball 2-2: Ball Wild Pitch! Rick Fell to second 3-2: Foul Ball, location: 2F 3-2: SINGLE (Groundball, 34S, EV 100.0 MPH) Rick Fell to third Runner from 3rd tries for Home, SAFE, throw by RF to home
|
|
Batting: SHB Yoo-chul Jung
|
0-0: Ball 1-0: SINGLE (Line Drive, 9LS, EV 108.8 MPH) German Mendoza to second
|
|
Batting: LHB Emilio Cordero
|
0-0: SINGLE (Groundball, 4D, EV 110.0 MPH) German Mendoza to third Yoo-chul Jung to second Runner from 3rd tries for Home, SAFE, throw by CF to home
|
|
Batting: RHB Wilson Valdez
|
0-0: Grounds into double play, 4-6-3 (Groundball, 4, EV 81.2 MPH) Yoo-chul Jung to third
|
|
Batting: RHB Marco Sianez
|
0-0: Called Strike 0-1: Swinging Strike 0-2: Ground out 6-3 (Groundball, 6, EV 80.0 MPH)
|
| Top of the 2nd over - 2 runs, 3 hits, 0 errors, 1 left on base; Jacksonville 2 - Mississippi 1 |
| BOTTOM OF THE 2ND |
|
Mississippi Braves batting - Pitching for Jacksonville Suns : LHP Jeff Tavella
|
|
Batting: LHB Raul Guarjardo
|
0-0: Ball 1-0: Foul Ball, location: 2F 1-1: Called Strike 1-2: Ball 2-2: Ball 3-2: Foul Ball, location: 2F 3-2: Base on Balls
|
|
Batting: LHB Rodolfo Cano
|
0-0: Ball 1-0: Ball 2-0: Ball 3-0: Base on Balls Raul Guarjardo to second
|
|
Batting: LHB Pablo Ordonez
|
0-0: Ball 1-0: Called Strike 1-1: Foul Ball, location: 2F 1-2: Foul Ball, location: 2F 1-2: SINGLE (Groundball, 56D, EV 106.9 MPH) Raul Guarjardo to third Rodolfo Cano to second Runner from 3rd tries for Home, SAFE, throw by LF to home
|
|
Batting: RHB Edwin Cota
|
0-0: 3-RUN HOME RUN (Flyball, 7LD, EV 96.2 MPH), Distance : 344 ft
|
|
Batting: RHB Angel Guzman
|
0-0: Ball 1-0: Ball 2-0: Called Strike 2-1: Ball 3-1: Base on Balls
|
|
Batting: RHB Zachary Sidney
|
0-0: Reached on error, E9 (Flyball, 9D, EV 108.1 MPH) Angel Guzman to second
|
|
Batting: RHB Tim Nettles
|
0-0: Ball 1-0: Foul Ball, location: 2F 1-1: Foul Ball, location: 2F 1-2: Ball 2-2: Ball 3-2: SINGLE (Flyball, 9LS, EV 93.1 MPH) Angel Guzman to third Zachary Sidney to second
|
|
Batting: RHB Zach Thomason
|
0-0: Grounds into double play, 6-4-3 (Groundball, 6, EV 83.8 MPH) Angel Guzman scores Zachary Sidney to third
|
|
Batting: SHB Ian Finley
|
0-0: Called Strike 0-1: Called Strike 0-2: Foul Ball, location: 2F 0-2: Foul Ball, location: 2F 0-2: Strikes out swinging, 2-3 out at first.
|
| Bottom of the 2nd over - 5 runs, 3 hits, 1 error, 1 left on base; Jacksonville 2 - Mississippi 6 |
| TOP OF THE 3RD |
|
Jacksonville Suns batting - Pitching for Mississippi Braves : RHP Jonathan Jacquez
|
|
Batting: LHB Jose Cabello
|
0-0: Called Strike 0-1: Ball 1-1: Ball 2-1: Ball 3-1: Foul Ball, location: 2F 3-2: Base on Balls
|
|
Batting: RHB Mike Gar
|
0-0: Grounds into double play, 5-4-3 (Groundball, 5, EV 103.1 MPH)
|
|
Batting: RHB Akira Suzuki
|
0-0: Ball 1-0: Ball 2-0: Called Strike 2-1: Ball 3-1: Foul Ball, location: 2F 3-2: Base on Balls
|
|
Batting: RHB Rick Fell
|
0-0: Ball 1-0: Swinging Strike 1-1: Ball 2-1: Called Strike 2-2: Strikes out looking
|
| Top of the 3rd over - 0 runs, 0 hits, 0 errors, 1 left on base; Jacksonville 2 - Mississippi 6 |
| BOTTOM OF THE 3RD |
|
Mississippi Braves batting - Pitching for Jacksonville Suns : LHP Jeff Tavella
|
|
Batting: LHB Raul Guarjardo
|
0-0: Ball 1-0: Called Strike 1-1: Ball 2-1: Fly out, F8 (Line Drive, 8RM, EV 96.9 MPH)
|
|
Batting: LHB Rodolfo Cano
|
0-0: Fly out, F8 (Flyball, 8RD, EV 74.4 MPH)
|
|
Batting: LHB Pablo Ordonez
|
0-0: Called Strike 0-1: Ground out 4-3 (Groundball, 4, EV 83.8 MPH)
|
| Bottom of the 3rd over - 0 runs, 0 hits, 0 errors, 0 left on base; Jacksonville 2 - Mississippi 6 |
| TOP OF THE 4TH |
|
Jacksonville Suns batting - Pitching for Mississippi Braves : RHP Jonathan Jacquez
|
|
Batting: RHB German Mendoza
|
0-0: Ball 1-0: Ball 2-0: Ground out 6-3 (Groundball, 6, EV 77.5 MPH)
|
|
Batting: SHB Yoo-chul Jung
|
0-0: Called Strike 0-1: Ball 1-1: Ball 2-1: Foul Ball, location: 2F 2-2: Strikes out looking
|
|
Batting: LHB Emilio Cordero
|
0-0: Foul Ball, location: 2F 0-1: Foul Ball, location: 2F 0-2: Ball 1-2: Ball 2-2: Ball 3-2: Foul Ball, location: 2F 3-2: Ground out 1-3 (Groundball, 15S, EV 73.1 MPH)
|
| Top of the 4th over - 0 runs, 0 hits, 0 errors, 0 left on base; Jacksonville 2 - Mississippi 6 |
| BOTTOM OF THE 4TH |
|
Mississippi Braves batting - Pitching for Jacksonville Suns : LHP Jeff Tavella
|
|
Batting: RHB Edwin Cota
|
0-0: Called Strike 0-1: Ball 1-1: Ball 2-1: Foul Ball, location: 2F 2-2: Ball 3-2: Foul Ball, location: 2F 3-2: Strikes out swinging
|
|
Batting: RHB Angel Guzman
|
0-0: Called Strike 0-1: Ball 1-1: Called Strike 1-2: Foul Ball, location: 2F 1-2: Ball 2-2: Ball 3-2: SINGLE (Groundball, 6S, EV 75.6 MPH) (infield hit)
|
|
Pitching: LHP Jerry Woods
|
|
|
Batting: RHB Zachary Sidney
|
0-0: Fielders Choice at 2nd, 6-4 (Groundball, 6, EV 77.5 MPH)
|
|
Batting: RHB Tim Nettles
|
0-0: Foul Ball, location: 2F 0-1: Ball 1-1: Ball 2-1: Ball 3-1: Foul Ball, location: 2F 3-2: Ground out 6-3 (Groundball, 6, EV 100.0 MPH)
|
| Bottom of the 4th over - 0 runs, 1 hit, 0 errors, 1 left on base; Jacksonville 2 - Mississippi 6 |
| TOP OF THE 5TH |
|
Jacksonville Suns batting - Pitching for Mississippi Braves : RHP Jonathan Jacquez
|
|
Batting: RHB Wilson Valdez
|
0-0: Called Strike 0-1: Called Strike 0-2: Ball 1-2: Foul Ball, location: 2F 1-2: Strikes out looking
|
|
Batting: RHB Marco Sianez
|
0-0: Called Strike 0-1: Ball 1-1: Called Strike 1-2: Ball 2-2: Strikes out swinging
|
|
Batting: LHB Jose Cabello
|
0-0: Called Strike 0-1: Ball 1-1: Ground out 4-3 (Groundball, 4, EV 101.9 MPH)
|
| Top of the 5th over - 0 runs, 0 hits, 0 errors, 0 left on base; Jacksonville 2 - Mississippi 6 |
| BOTTOM OF THE 5TH |
|
Mississippi Braves batting - Pitching for Jacksonville Suns : LHP Jerry Woods
|
|
Batting: RHB Zach Thomason
|
0-0: Ball 1-0: SOLO HOME RUN (Flyball, 7D, EV 104.4 MPH), Distance : 389 ft
|
|
Batting: SHB Ian Finley
|
0-0: Ball 1-0: Called Strike 1-1: Called Strike 1-2: Ball 2-2: Strikes out swinging, 2-3 out at first.
|
|
Batting: LHB Raul Guarjardo
|
0-0: Fly out, F7 (Flyball, 78S, EV 96.2 MPH)
|
|
Batting: LHB Rodolfo Cano
|
0-0: Called Strike 0-1: Called Strike 0-2: Ball 1-2: Foul Ball, location: 2F 1-2: Strikes out swinging
|
| Bottom of the 5th over - 1 run, 1 hit, 0 errors, 0 left on base; Jacksonville 2 - Mississippi 7 |
| TOP OF THE 6TH |
|
Jacksonville Suns batting - Pitching for Mississippi Braves : RHP Jonathan Jacquez
|
|
Batting: RHB Mike Gar
|
0-0: Called Strike 0-1: Ball 1-1: Ball 2-1: Ball 3-1: SOLO HOME RUN (Line Drive, 9LD, EV 97.5 MPH), Distance : 359 ft
|
|
Batting: RHB Akira Suzuki
|
0-0: Ball 1-0: Foul Ball, location: 2F 1-1: Foul Ball, location: 2F 1-2: SINGLE (Groundball, 15S, EV 70.0 MPH) (infield hit)
|
|
Batting: RHB Rick Fell
|
0-0: Ball 1-0: Called Strike 1-1: Called Strike 1-2: Strikes out looking
|
|
Batting: RHB German Mendoza
|
0-0: Ball 1-0: Ball 2-0: Ball 3-0: Base on Balls Akira Suzuki to second
|
|
Batting: SHB Yoo-chul Jung
|
0-0: Ball 1-0: Called Strike 1-1: Called Strike 1-2: Ball 2-2: Grounds into double play, 6-4-3 (Groundball, 6, EV 79.4 MPH)
|
| Top of the 6th over - 1 run, 2 hits, 0 errors, 1 left on base; Jacksonville 3 - Mississippi 7 |
| BOTTOM OF THE 6TH |
|
Mississippi Braves batting - Pitching for Jacksonville Suns : LHP Jerry Woods
|
|
Batting: LHB Pablo Ordonez
|
0-0: Ball 1-0: Foul Ball, location: 2F 1-1: Ground out 1-3 (Groundball, 13S, EV 75.6 MPH)
|
|
Batting: RHB Edwin Cota
|
0-0: Swinging Strike 0-1: Foul Ball, location: 2F 0-2: Strikes out looking
|
|
Batting: RHB Angel Guzman
|
0-0: DOUBLE (Groundball, 5L, EV 100.6 MPH)
|
|
Batting: RHB Zachary Sidney
|
0-0: Called Strike 0-1: Ball 1-1: Foul Ball, location: 2F 1-2: Strikes out looking
|
| Bottom of the 6th over - 0 runs, 1 hit, 0 errors, 1 left on base; Jacksonville 3 - Mississippi 7 |
| TOP OF THE 7TH |
|
Jacksonville Suns batting - Pitching for Mississippi Braves : RHP Jonathan Jacquez
|
|
Now in RF: Jon Burgos
|
|
|
Batting: LHB Emilio Cordero
|
0-0: Called Strike 0-1: Foul Ball, location: 2F 0-2: Ball 1-2: Strikes out looking
|
|
Pitching: RHP Scott Bentley
|
|
|
Batting: RHB Wilson Valdez
|
0-0: Called Strike 0-1: Foul Ball, location: 2F 0-2: Foul Ball, location: 2F 0-2: Ball 1-2: Ball 2-2: Ball 3-2: Ground out 6-3 (Groundball, 4MS, EV 86.2 MPH)
|
|
Batting: RHB Marco Sianez
|
0-0: Ball 1-0: DOUBLE (Flyball, 89D, EV 89.4 MPH) - OUT at third base trying to stretch hit.
|
| Top of the 7th over - 0 runs, 1 hit, 0 errors, 0 left on base; Jacksonville 3 - Mississippi 7 |
| BOTTOM OF THE 7TH |
|
Mississippi Braves batting - Pitching for Jacksonville Suns : LHP Jerry Woods
|
|
Pitching: RHP Tim Sherrill
|
|
|
Batting: RHB Tim Nettles
|
0-0: Ball 1-0: Ground out 5-3 (Groundball, 5S, EV 86.9 MPH)
|
|
Batting: RHB Zach Thomason
|
0-0: Foul Ball, location: 2F 0-1: Swinging Strike 0-2: SINGLE (Line Drive, 78S, EV 109.4 MPH)
|
|
Batting: SHB Ian Finley
|
0-0: Ball 1-0: Ball 2-0: Swinging Strike 2-1: Swinging Strike 2-2: Strikes out looking
|
|
Batting: LHB Raul Guarjardo
|
0-0: Ball 1-0: Foul Ball, location: 2F 1-1: Ground out 3-1 (Groundball, 34S, EV 81.9 MPH)
|
| Bottom of the 7th over - 0 runs, 1 hit, 0 errors, 1 left on base; Jacksonville 3 - Mississippi 7 |
| TOP OF THE 8TH |
|
Jacksonville Suns batting - Pitching for Mississippi Braves : RHP Scott Bentley
|
|
Batting: LHB Jose Cabello
|
0-0: Ball 1-0: Called Strike 1-1: Called Strike 1-2: Ball 2-2: Foul Ball, location: 2F 2-2: Foul Ball, location: 2F 2-2: Ball 3-2: Fly out, F7 (Line Drive, 7, EV 87.5 MPH)
|
|
Batting: RHB Mike Gar
|
0-0: Ball 1-0: Called Strike 1-1: Ground out 6-3 (Groundball, 6, EV 86.2 MPH)
|
|
Batting: RHB Akira Suzuki
|
0-0: Called Strike 0-1: Ball 1-1: Ball 2-1: Foul Ball, location: 2F 2-2: SOLO HOME RUN (Flyball, 9LD, EV 89.4 MPH), Distance : 342 ft
|
|
Batting: RHB Rick Fell
|
0-0: Fly out, F3 (Flyball, 3D, EV 91.9 MPH)
|
| Top of the 8th over - 1 run, 1 hit, 0 errors, 0 left on base; Jacksonville 4 - Mississippi 7 |
| BOTTOM OF THE 8TH |
|
Mississippi Braves batting - Pitching for Jacksonville Suns : RHP Tim Sherrill
|
|
Pitching: RHP Javy Balderrama
|
|
|
Batting: LHB Rodolfo Cano
|
0-0: Swinging Strike 0-1: Swinging Strike 0-2: Strikes out looking
|
|
Batting: LHB Jon Burgos
|
0-0: SOLO HOME RUN (Flyball, 9D, EV 98.1 MPH), Distance : 391 ft
|
|
Batting: RHB Edwin Cota
|
0-0: Fly out, F8 (Flyball, 8RM, EV 87.5 MPH)
|
|
Batting: RHB Angel Guzman
|
0-0: Ball 1-0: Called Strike 1-1: Foul Ball, location: 2F 1-2: Strikes out looking
|
| Bottom of the 8th over - 1 run, 1 hit, 0 errors, 0 left on base; Jacksonville 4 - Mississippi 8 |
| TOP OF THE 9TH |
|
Jacksonville Suns batting - Pitching for Mississippi Braves : RHP Scott Bentley
|
|
Pitching: RHP Danny Nerio
|
|
|
Batting: RHB German Mendoza
|
0-0: Called Strike 0-1: Called Strike 0-2: SINGLE (Groundball, P, EV 87.5 MPH) (infield hit)
|
|
Batting: SHB Yoo-chul Jung
|
0-0: Called Strike 0-1: Ball 1-1: Swinging Strike 1-2: Foul Ball, location: 2F 1-2: Strikes out swinging
|
|
Batting: LHB Emilio Cordero
|
0-0: Swinging Strike 0-1: Swinging Strike 0-2: Ball 1-2: Strikes out swinging
|
|
Batting: RHB Wilson Valdez
|
0-0: Ball 1-0: Swinging Strike 1-1: Foul Ball, location: 2F 1-2: Strikes out swinging
|
| Top of the 9th over - 0 runs, 1 hit, 0 errors, 1 left on base; Jacksonville 4 - Mississippi 8 |
|